cohdb
Replays
Latest Replays
All Replays
Popular Replays
Top Player Replays
Match Explorer
How It Works
Community
CoH3 Stats
Reddit
Sign in to upload your games and track your stats! →
Sign in with Steam
Match 41612918
Unlisted
Match 41612918
Overview
Messages
Build Orders
End
Construct Infanterie Kompanie
Selects Breakthrough Battlegroup
Selects Assault Grenadiers
MG 42 Machine Gun Team
Grenadier Squad
Grenadier Squad
GrW 34 Mortar Team
Medical Station
Construct Panzergrenadier Kompanie
Panzergrenadier Squad
Panzergrenadier Squad
251 Medium Carrier
Pak 40 Anti-tank Gun Team
Selects 2.5-tonne Cargo Truck
2.5-tonne Cargo Truck
Selects Blitzkrieg
Construct Panzer Kompanie
Selects Panzer IV Command Tank Sd.Kfz. 161/1
Pak 40 Anti-tank Gun Team
Panzer IV Medium Tank
251 Medium Carrier
Selects Breakthrough
Selects Incendiary Bombing Run
Panzer IV Medium Tank
Stoßtruppen Squad
Panzer IV Command Tank
Panzer IV Medium Tank
Panzer IV Medium Tank
Side Skirts
Pioneer Squad
Incendiary Bombing Run
Blitzkrieg
Panzer IV Medium Tank
Stoßtruppen Squad
251 Medium Carrier
Lazer Cut
Bane of Fire
Nukepapa
Fajolada
0
0
Comments
sign in to comment!
No comments posted yet!